Devils vs Maple Leafs

Created - 20 janvier 2015 at 23:24

Goals
1 2 3 T
Devils 0 1 0 1
Maple Leafs 1 1 2 4
Shots
1 2 3 T
Devils 14 13 7 34
Maple Leafs 12 5 17 34

1st period

1. Maple Leafs , Claude Giroux 32 (Evgeni Malkin, Fabian Brunnstrom) at 15:53

Penalties :
Zach Parise (NJD) for Hooking (Minor) at 0:22, Matt Pettinger (Tor) for Holding (Minor) at 2:53

2nd period

2. Devils , Zach Parise 19 (Stephen Weiss, Maxim Afinogenov) at 4:50 (PP)
3. Maple Leafs , Fabian Brunnstrom 14 (Dion Phaneuf, Claude Giroux) at 19:31

Penalties :
Evgeni Malkin (Tor) for Charging (Minor) at 4:33, Alexander Frolov (Tor) for Tripping (Minor) at 5:54

3rd period

4. Maple Leafs , Brendan Morrison 16 (Claude Giroux, Taylor Chorney) at 2:46
5. Maple Leafs , Brendan Morrison 17 (Taylor Chorney) at 17:35

Penalties :
No Penalty

Goalie Stats

Viktor Fasth (NJD), 30 saves from 34 shots - (0,882), L, 22-10-2, 60:00 minutes
Marc-André Fleury (Tor), 33 saves from 34 shots - (0,971), W, 20-13-3, 60:00 minutes

Players Stats for Devils

Player Name              G  A  P  +/- PIM S  H  SB GA TA FO     MP     PP MP  PK MP  
------------------------------------------------------------------------------------
Andy Greene              0  0  0  -1  0   0  1  0  0  0  0/0    12:04   1:45   0:00 
Antti Miettinen          0  0  0   0  0   1  0  0  0  0  0/0     8:28   0:07   0:00 
Ben Lovejoy              0  0  0  -3  0   0  1  1  0  2  0/0    22:45   1:45   0:00 
Brad Ference             0  0  0  -1  0   2  1  1  0  1  0/0    18:37   2:30   0:58 
Dustin Boyd              0  0  0   0  0   1  1  1  0  0  4/5    10:53   0:00   0:09 
Greg Stewart             0  0  0   0  0   2  1  0  0  0  0/0     9:06   0:07   0:09 
Guillaume Latendresse    0  0  0  -2  0   4  1  1  0  0  0/0    17:50   1:47   0:54 
Jason Arnott             0  0  0   0  0   0  0  0  0  0  1/2     9:22   0:07   0:54 
Jay Bouwmeester          0  0  0   0  0   1  3  2  0  0  0/0    26:02   2:30   0:58 
Ladislav Nagy            0  0  0   0  0   3  3  1  0  0  0/0    11:37   0:00   0:56 
Maxim Afinogenov         0  1  1  -2  0   0  1  0  0  0  0/1    21:27   2:21   0:00 
Mike Komisarek           0  0  0   0  0   0  1  4  1  0  0/0    23:25   0:00   1:01 
Mike Lundin              0  0  0  -3  0   2  1  1  0  0  0/0    17:07   0:00   1:01 
Patric Hornqvist         0  0  0  -2  0   3  2  0  0  0  0/0    17:22   1:47   0:00 
Patrick Eaves            0  0  0   0  0   1  1  0  0  0  0/1    10:41   0:00   0:00 
Stephen Weiss            0  1  1  -2  0   4  3  2  1  1  13/23  17:56   2:21   0:00 
Vincent Lecavalier       0  0  0  -2  0   3  2  1  0  0  19/26  21:49   1:47   0:56 
Zach Parise              1  0  1  -2  2   7  0  0  0  0  0/1    21:29   2:21   0:00 

Players Stats for Maple Leafs

Player Name              G  A  P  +/- PIM S  H  SB GA TA FO     MP     PP MP  PK MP  
------------------------------------------------------------------------------------
Alexander Frolov         0  0  0   2  2   2  0  0  0  0  0/0    16:03   1:05   0:47 
Blake Comeau             0  0  0   0  0   1  0  0  0  0  0/0     8:52   0:00   0:00 
Braydon Coburn           0  0  0   2  0   0  1  0  0  0  0/0    27:39   1:00   2:34 
Brendan Morrison         2  0  2   2  0   2  2  2  1  0  4/10   16:45   0:54   1:41 
Byron Bitz               0  0  0   2  0   5  3  1  0  1  0/2    15:04   0:54   0:00 
Claude Giroux            1  2  3   2  0   3  1  1  0  0  1/5    21:15   1:05   2:28 
Colby Armstrong          0  0  0   0  0   2  3  0  1  0  0/0    13:02   0:00   0:00 
Dion Phaneuf             0  1  1   2  0   3  2  3  1  1  0/0    27:39   1:00   2:34 
Evgeni Malkin            0  1  1   2  2   6  3  0  0  0  12/29  20:57   1:05   2:11 
Fabian Brunnstrom        1  1  2   2  0   2  3  0  0  0  0/1    19:01   0:54   0:28 
Jamie McBain             0  0  0   0  0   0  1  2  1  0  0/0    12:18   0:00   0:00 
Jordan Staal             0  0  0   0  0   2  0  1  0  0  3/7    13:02   0:00   0:00 
Justin Abdelkader        0  0  0   0  0   4  1  0  0  0  0/0     8:52   0:00   0:00 
Lubomir Visnovsky        0  0  0   2  0   0  1  0  0  0  0/0    20:03   0:59   1:41 
Mathieu Carle            0  0  0   0  0   1  1  0  0  0  0/0    12:18   0:00   0:00 
Matt Pettinger           0  0  0   0  2   0  5  0  0  0  1/1    13:57   0:00   0:55 
Rob Schremp              0  0  0   0  0   1  0  0  0  0  1/4     8:52   0:00   0:00 
Taylor Chorney           0  2  2   2  0   0  2  2  0  0  0/0    20:03   0:59   1:41 

3 Stars

1 - Brendan Morrison (Tor)
2 - Claude Giroux (Tor)
3 - Fabian Brunnstrom (Tor)

Power Play

Devils - 1 on 3 Attempt(s) - 33,33%
Maple Leafs - 0 on 1 Attempt(s) - 0,00%

Penalty Kill

Devils - 1 on 1 Attempt(s) - 100,00% - Score 0 goal in Penalty Kill
Maple Leafs - 2 on 3 Attempt(s) - 66,67% - Score 0 goal in Penalty Kill

Team Stat

Devils - Hits : 23 - Faceoff Wins : 37 - Blocked Shots : 15 - Penalty Minutes : 2
Maple Leafs - Hits : 29 - Faceoff Wins : 22 - Blocked Shots : 12 - Penalty Minutes : 6

Official

Referees : Marouelli Dan and Meier Brad
Linesman : Derek Nansen and Steve Miller

Game Notes

No Game Note

Finance

Level 1 -- Attendance: 4666 (77,77%) -- Ticket Income 466 600 $
Level 2 -- Attendance: 3693 (73,86%) -- Ticket Income 240 045 $
Level 3 -- Attendance: 1387 (69,35%) -- Ticket Income 58 254 $
Level 4 -- Attendance: 2558 (63,95%) -- Ticket Income 76 740 $
Luxury Box -- Attendance: 731 (73,10%) -- Ticket Income 135 235 $
Game was played at the Maple Leafs Garden'
Total Attendance: 13035 (72,42%)
Total Ticket Income: 976 874 $
Other Income: 146 531 $
Total Income: 1 123 405 $

Devils

5 vs 5 Forward 
   Center                   Left Wing                Right Wing               Time % Phy DF OF 
 1 Vincent Lecavalier       Zach Parise              Maxim Afinogenov         40     1   2  2  
 2 Stephen Weiss            Guillaume Latendresse    Patric Hornqvist         30     1   2  2  
 3 Dustin Boyd              Ladislav Nagy            Patrick Eaves            20     1   2  2  
 4 Jason Arnott             Greg Stewart             Antti Miettinen          10     1   2  2  

5 vs 5 Defense 
   Defense                  Defense                                           Time % Phy DF OF 
 1 Jay Bouwmeester          Mike Komisarek                                    40     1   2  2  
 2 Ben Lovejoy              Mike Lundin                                       30     1   2  2  
 3 Brad Ference             Andy Greene                                       20     1   2  2  
 4 Ben Lovejoy              Brad Ference                                      10     1   2  2  

PowerPlay Forward 
   Center                   Left Wing                Right Wing               Time % Phy DF OF 
 1 Stephen Weiss            Zach Parise              Maxim Afinogenov         60     0   2  3  
 2 Vincent Lecavalier       Guillaume Latendresse    Patric Hornqvist         40     0   2  3  

PowerPlay Defense
   Defense                  Defense                                           Time % Phy DF OF 
 1 Brad Ference             Jay Bouwmeester                                   60     1   2  2  
 2 Ben Lovejoy              Andy Greene                                       40     1   2  2  

Penalty Kill 4 Players Forward 
   Center                   Wing                     Time % Phy DF OF 
 1 Jason Arnott             Guillaume Latendresse    60     1   2  2  
 2 Vincent Lecavalier       Zach Parise              40     1   2  2  

Penalty Kill 4 Players Defense
   Defense                  Defense                  Time % Phy DF OF 
 1 Jay Bouwmeester          Brad Ference             60     1   2  2  
 2 Mike Lundin              Mike Komisarek           40     1   2  2  

Penalty Kill - 3 Players Forward 
   Forward                                           Time % Phy DF OF 
 1 Jason Arnott                                      60     1   2  2  
 2 Vincent Lecavalier                                40     1   2  2  

Penalty Kill - 3 Players Defense
   Defense                  Defense                  Time % Phy DF OF 
 1 Jay Bouwmeester          Mike Komisarek           60     1   2  2  
 2 Brad Ference             Ben Lovejoy              40     1   2  2  

4 vs 4 Forward 
   Center                   Wing                     Time % Phy DF OF 
 1 Stephen Weiss            Ladislav Nagy            60     1   2  2  
 2 Vincent Lecavalier       Guillaume Latendresse    40     1   2  2  

4 vs 4 Defense
   Defense                  Defense                  Time % Phy DF OF 
 1 Brad Ference             Mike Komisarek           60     1   2  2  
 2 Jay Bouwmeester          Mike Lundin              40     1   2  2  

Last Minutes Offensive
   Center                   Left Wing                Right Wing               Defense                  Defense                  
   Vincent Lecavalier       Guillaume Latendresse    Maxim Afinogenov         Ben Lovejoy              Jay Bouwmeester          

Last Minutes Defensive
   Center                   Left Wing                Right Wing               Defense                  Defense                  
   Jason Arnott             Guillaume Latendresse    Maxim Afinogenov         Mike Komisarek           Jay Bouwmeester          

Goaltenders
Starting : Viktor Fasth             
Backup : Dan Ellis                

Extra Forwards
Normal : Jason Arnott, Greg Stewart, Ladislav Nagy - PP : Jason Arnott, Greg Stewart - PK : Ladislav Nagy
Extra Defensemen
Normal : Ben Lovejoy, Mike Komisarek, Andy Greene - PP : Ben Lovejoy - PK : Ben Lovejoy, Mike Lundin
Penalty Shots
Vincent Lecavalier, Maxim Afinogenov, Guillaume Latendresse, Patric Hornqvist, Zach Parise

Maple Leafs

5 vs 5 Forward 
   Center                   Left Wing                Right Wing               Time % Phy DF OF 
 1 Evgeni Malkin            Fabian Brunnstrom        Claude Giroux            40     0   0  5  
 2 Brendan Morrison         Alexander Frolov         Byron Bitz               30     1   1  3  
 3 Jordan Staal             Matt Pettinger           Colby Armstrong          20     1   2  2  
 4 Rob Schremp              Justin Abdelkader        Blake Comeau             10     1   2  2  

5 vs 5 Defense 
   Defense                  Defense                                           Time % Phy DF OF 
 1 Dion Phaneuf             Braydon Coburn                                    40     1   2  2  
 2 Lubomir Visnovsky        Taylor Chorney                                    30     1   2  2  
 3 Jamie McBain             Mathieu Carle                                     20     1   2  2  
 4 Dion Phaneuf             Braydon Coburn                                    10     1   2  2  

PowerPlay Forward 
   Center                   Left Wing                Right Wing               Time % Phy DF OF 
 1 Evgeni Malkin            Alexander Frolov         Claude Giroux            60     1   2  2  
 2 Brendan Morrison         Fabian Brunnstrom        Byron Bitz               40     1   2  2  

PowerPlay Defense
   Defense                  Defense                                           Time % Phy DF OF 
 1 Dion Phaneuf             Braydon Coburn                                    60     1   2  2  
 2 Lubomir Visnovsky        Taylor Chorney                                    40     1   2  2  

Penalty Kill 4 Players Forward 
   Center                   Wing                     Time % Phy DF OF 
 1 Claude Giroux            Evgeni Malkin            60     1   2  2  
 2 Brendan Morrison         Alexander Frolov         40     1   2  2  

Penalty Kill 4 Players Defense
   Defense                  Defense                  Time % Phy DF OF 
 1 Dion Phaneuf             Braydon Coburn           60     1   2  2  
 2 Lubomir Visnovsky        Taylor Chorney           40     1   2  2  

Penalty Kill - 3 Players Forward 
   Forward                                           Time % Phy DF OF 
 1 Claude Giroux                                     60     1   2  2  
 2 Evgeni Malkin                                     40     1   2  2  

Penalty Kill - 3 Players Defense
   Defense                  Defense                  Time % Phy DF OF 
 1 Dion Phaneuf             Braydon Coburn           60     1   2  2  
 2 Lubomir Visnovsky        Taylor Chorney           40     1   2  2  

4 vs 4 Forward 
   Center                   Wing                     Time % Phy DF OF 
 1 Claude Giroux            Evgeni Malkin            60     1   2  2  
 2 Brendan Morrison         Alexander Frolov         40     1   2  2  

4 vs 4 Defense
   Defense                  Defense                  Time % Phy DF OF 
 1 Dion Phaneuf             Braydon Coburn           60     1   2  2  
 2 Lubomir Visnovsky        Taylor Chorney           40     1   2  2  

Last Minutes Offensive
   Center                   Left Wing                Right Wing               Defense                  Defense                  
   Evgeni Malkin            Alexander Frolov         Claude Giroux            Dion Phaneuf             Braydon Coburn           

Last Minutes Defensive
   Center                   Left Wing                Right Wing               Defense                  Defense                  
   Evgeni Malkin            Alexander Frolov         Claude Giroux            Dion Phaneuf             Braydon Coburn           

Goaltenders
Starting : Marc-André Fleury        
Backup : Niklas Backstrom         

Extra Forwards
Normal : Colby Armstrong, Jordan Staal, Matt Pettinger - PP : Colby Armstrong, Jordan Staal - PK : Matt Pettinger
Extra Defensemen
Normal : Jamie McBain, Mathieu Carle, Lubomir Visnovsky - PP : Jamie McBain - PK : Mathieu Carle, Lubomir Visnovsky
Penalty Shots
Claude Giroux, Evgeni Malkin, Brendan Morrison, Alexander Frolov, Byron Bitz

% Time on Ice - Devils

Lines # - Real PCT - Wanted PCT - Time Play
Normal Forward
1 - 36% - 40% - 19:12
2 - 29% - 30% - 15:35
3 - 20% - 20% - 10:41
4 - 15% - 10% - 8:18
Normal Defense
1 - 42% - 40% - 22:34
2 - 30% - 30% - 16:13
3 - 19% - 20% - 10:12
4 - 9% - 10% - 4:47
PP Forward
1 - 58% - 60% - 2:28
2 - 42% - 40% - 1:47
PP Defense
1 - 59% - 60% - 2:30
2 - 41% - 40% - 1:45
PK Forward
1 - 53% - 60% - 1:03
2 - 47% - 40% - 0:56
PK Defense
1 - 49% - 60% - 0:58
2 - 51% - 40% - 1:01
PK3 Forward
1 - 0% - 60%
2 - 0% - 40%
PK3 Defense
1 - 0% - 60%
2 - 0% - 40%
44 Forward
1 - 0% - 60%
2 - 0% - 40%
44 Defense
1 - 0% - 60%
2 - 0% - 40%
Last Minute Offensive  - 0:00
Last Minute Defensive  - 0:00
Total
Forward - 60:00
Defense - 60:00

% Time on Ice - Maple Leafs

Lines # - Real PCT - Wanted PCT - Time Play
Normal Forward
1 - 33% - 40% - 17:42
2 - 26% - 30% - 14:10
3 - 24% - 20% - 13:02
4 - 16% - 10% - 8:52
Normal Defense
1 - 38% - 40% - 20:41
2 - 32% - 30% - 17:23
3 - 23% - 20% - 12:18
4 - 6% - 10% - 3:24
PP Forward
1 - 55% - 60% - 1:05
2 - 45% - 40% - 0:54
PP Defense
1 - 50% - 60% - 1:00
2 - 50% - 40% - 0:59
PK Forward
1 - 68% - 60% - 2:53
2 - 32% - 40% - 1:22
PK Defense
1 - 60% - 60% - 2:34
2 - 40% - 40% - 1:41
PK3 Forward
1 - 0% - 60%
2 - 0% - 40%
PK3 Defense
1 - 0% - 60%
2 - 0% - 40%
44 Forward
1 - 0% - 60%
2 - 0% - 40%
44 Defense
1 - 0% - 60%
2 - 0% - 40%
Last Minute Offensive  - 0:00
Last Minute Defensive  - 0:00
Total
Forward - 60:00
Defense - 60:00

Play by Play

1st period


0:01 of 1st period - Vincent Lecavalier wins face-off versus Evgeni Malkin in neutral zone.
0:06 of 1st period - Slapshot by Zach Parise.
0:06 of 1st period - Stopped by Marc-André Fleury with a rebound.
0:22 of 1st period - Minor Penalty to Zach Parise for Hooking.
0:23 of 1st period - Evgeni Malkin wins face-off versus Jason Arnott in Devils zone.
0:30 of 1st period - Wrist shot by Evgeni Malkin.
0:30 of 1st period - Shot Blocked by Jay Bouwmeester.
0:32 of 1st period - Slapshot by Dion Phaneuf.
0:32 of 1st period - Shot Blocked by Guillaume Latendresse.
0:34 of 1st period - Slapshot by Braydon Coburn.
0:34 of 1st period - Shot Blocked by Brad Ference.
0:36 of 1st period - Slapshot by Dion Phaneuf.
0:36 of 1st period - Deflect By Claude Giroux.
0:36 of 1st period - Stopped by Viktor Fasth without a rebound.
0:37 of 1st period - Vincent Lecavalier wins face-off versus Brendan Morrison in Devils zone.
0:42 of 1st period - Taylor Chorney is hit by Vincent Lecavalier and loses puck.
0:53 of 1st period - Slapshot by Brendan Morrison.
0:53 of 1st period - Shot Blocked by Mike Lundin.
2:22 of 1st period - Penalty to Zach Parise is over, Zach Parise is back on ice.
2:27 of 1st period - Icing by Brad Ference.
2:28 of 1st period - Jordan Staal wins face-off versus Stephen Weiss in Devils zone.
2:31 of 1st period - Wrist shot by Jordan Staal.
2:31 of 1st period - Stopped by Viktor Fasth without a rebound.
2:32 of 1st period - Jordan Staal wins face-off versus Stephen Weiss in Devils zone.
2:53 of 1st period - Minor Penalty to Matt Pettinger for Holding.
2:54 of 1st period - Claude Giroux wins face-off versus Stephen Weiss in Maple Leafs zone.
3:23 of 1st period - Snap shot by Guillaume Latendresse.
3:23 of 1st period - Stopped by Marc-André Fleury without a rebound.
3:24 of 1st period - Stephen Weiss wins face-off versus Brendan Morrison in Maple Leafs zone.
3:29 of 1st period - Snap shot by Stephen Weiss.
3:29 of 1st period - Shot Misses the Net.
3:35 of 1st period - Snap shot by Stephen Weiss.
3:35 of 1st period - Stopped by Marc-André Fleury with a rebound.
4:35 of 1st period - Stephen Weiss is hit by Brendan Morrison and loses puck.
4:53 of 1st period - Penalty to Matt Pettinger is over, Matt Pettinger is back on ice.
5:19 of 1st period - Mike Komisarek is hit by Matt Pettinger and loses puck.
5:49 of 1st period - Off-side.
5:50 of 1st period - Vincent Lecavalier wins face-off versus Evgeni Malkin in neutral zone.
6:21 of 1st period - Wrist shot by Guillaume Latendresse.
6:21 of 1st period - Shot Misses the Net.
6:23 of 1st period - Slapshot by Brad Ference.
6:23 of 1st period - Stopped by Marc-André Fleury with a rebound.
6:39 of 1st period - Slapshot by Jay Bouwmeester.
6:39 of 1st period - Shot Blocked by Taylor Chorney.
6:41 of 1st period - Backhand shot by Greg Stewart.
6:41 of 1st period - Stopped by Marc-André Fleury with a rebound.
6:43 of 1st period - Wrist shot by Jay Bouwmeester.
6:43 of 1st period - Stopped by Marc-André Fleury without a rebound.
6:44 of 1st period - Vincent Lecavalier wins face-off versus Evgeni Malkin in Maple Leafs zone.
6:49 of 1st period - Snap shot by Vincent Lecavalier.
6:49 of 1st period - Stopped by Marc-André Fleury without a rebound.
6:50 of 1st period - Vincent Lecavalier wins face-off versus Evgeni Malkin in Maple Leafs zone.
7:27 of 1st period - Wrist shot by Evgeni Malkin.
7:27 of 1st period - Stopped by Viktor Fasth with a rebound.
7:29 of 1st period - Wrist shot by Claude Giroux.
7:29 of 1st period - Stopped by Viktor Fasth without a rebound.
7:30 of 1st period - Brendan Morrison wins face-off versus Stephen Weiss in Devils zone.
7:43 of 1st period - Snap shot by Stephen Weiss.
7:43 of 1st period - Shot Blocked by Brendan Morrison.
7:57 of 1st period - Snap shot by Colby Armstrong.
7:57 of 1st period - Stopped by Viktor Fasth with a rebound.
8:03 of 1st period - Jordan Staal is hit by Stephen Weiss and loses puck.
8:08 of 1st period - Wrist shot by Guillaume Latendresse.
8:08 of 1st period - Shot Misses the Net.
8:10 of 1st period - Snap shot by Guillaume Latendresse.
8:10 of 1st period - Shot Misses the Net.
8:12 of 1st period - Slapshot by Ben Lovejoy.
8:12 of 1st period - Shot Misses the Net.
8:14 of 1st period - Wrist shot by Guillaume Latendresse.
8:14 of 1st period - Shot Blocked by Taylor Chorney.
8:16 of 1st period - Slapshot by Mike Lundin.
8:16 of 1st period - Deflect By Patric Hornqvist.
8:16 of 1st period - Stopped by Marc-André Fleury with a rebound.
8:18 of 1st period - Snap shot by Mike Lundin.
8:18 of 1st period - Stopped by Marc-André Fleury with a rebound.
8:20 of 1st period - Slapshot by Mike Lundin.
8:20 of 1st period - Deflect By Taylor Chorney.
8:20 of 1st period - Stopped by Marc-André Fleury without a rebound.
8:21 of 1st period - Evgeni Malkin wins face-off versus Vincent Lecavalier in Maple Leafs zone.
8:34 of 1st period - Slapshot by Vincent Lecavalier.
8:34 of 1st period - Shot Hit the Post.
8:36 of 1st period - Slapshot by Zach Parise.
8:36 of 1st period - Stopped by Marc-André Fleury without a rebound.
8:37 of 1st period - Brendan Morrison wins face-off versus Patrick Eaves in Maple Leafs zone.
8:44 of 1st period - Snap shot by Byron Bitz.
8:44 of 1st period - Deflect By Jay Bouwmeester.
8:44 of 1st period - Stopped by Viktor Fasth without a rebound.
8:45 of 1st period - Dustin Boyd wins face-off versus Brendan Morrison in Devils zone.
8:45 of 1st period - Dustin Boyd is hit by Brendan Morrison.
8:52 of 1st period - Jay Bouwmeester is hit by Dion Phaneuf and loses puck.
9:48 of 1st period - Wrist shot by Alexander Frolov.
9:48 of 1st period - Shot Blocked by Jay Bouwmeester.
9:50 of 1st period - Snap shot by Braydon Coburn.
9:50 of 1st period - Shot Blocked by Mike Komisarek.
10:00 of 1st period - Slapshot by Byron Bitz.
10:00 of 1st period - Stopped by Viktor Fasth with a rebound.
10:02 of 1st period - Slapshot by Dion Phaneuf.
10:02 of 1st period - Stopped by Viktor Fasth without a rebound.
10:03 of 1st period - Evgeni Malkin wins face-off versus Vincent Lecavalier in Devils zone.
10:04 of 1st period - Snap shot by Claude Giroux.
10:04 of 1st period - Shot Blocked by Vincent Lecavalier.
11:09 of 1st period - Vincent Lecavalier is hit by Evgeni Malkin and loses puck.
11:14 of 1st period - Slapshot by Claude Giroux.
11:14 of 1st period - Shot Misses the Net.
11:30 of 1st period - Dion Phaneuf is hit by Ben Lovejoy and loses puck.
11:45 of 1st period - Jason Arnott is hit by Matt Pettinger and loses puck.
11:57 of 1st period - Icing by Jason Arnott.
11:58 of 1st period - Jason Arnott wins face-off versus Fabian Brunnstrom in Devils zone.
13:30 of 1st period - Braydon Coburn is hit by Andy Greene and loses puck.
13:37 of 1st period - Slapshot by Stephen Weiss.
13:37 of 1st period - Shot Hit the Post.
13:39 of 1st period - Slapshot by Stephen Weiss.
13:39 of 1st period - Stopped by Marc-André Fleury with a rebound.
14:14 of 1st period - Wrist shot by Jay Bouwmeester.
14:14 of 1st period - Shot Misses the Net.
14:16 of 1st period - Slapshot by Patrick Eaves.
14:16 of 1st period - Deflect By Ladislav Nagy.
14:16 of 1st period - Stopped by Marc-André Fleury with a rebound.
14:18 of 1st period - Slapshot by Mike Komisarek.
14:18 of 1st period - Shot Blocked by Jamie McBain.
14:41 of 1st period - Wrist shot by Evgeni Malkin.
14:41 of 1st period - Stopped by Viktor Fasth with a rebound.
15:10 of 1st period - Vincent Lecavalier is hit by Dion Phaneuf and loses puck.
15:29 of 1st period - Snap shot by Evgeni Malkin.
15:29 of 1st period - Stopped by Viktor Fasth with a rebound.
15:53 of 1st period - Snap shot by Claude Giroux.
15:53 of 1st period - Goal by Claude Giroux - Devils : 0 - Maple Leafs : 1.
15:54 of 1st period - Brendan Morrison wins face-off versus Stephen Weiss in neutral zone.
15:57 of 1st period - Mike Komisarek is hit by Braydon Coburn.
16:05 of 1st period - Wrist shot by Byron Bitz.
16:05 of 1st period - Shot Misses the Net.
16:19 of 1st period - Jay Bouwmeester is hit by Matt Pettinger and loses puck.
16:43 of 1st period - Wrist shot by Jason Arnott.
16:43 of 1st period - Shot Misses the Net.
17:17 of 1st period - Braydon Coburn is hit by Ladislav Nagy and loses puck.
17:56 of 1st period - Snap shot by Alexander Frolov.
17:56 of 1st period - Stopped by Viktor Fasth with a rebound.
18:26 of 1st period - Wrist shot by Stephen Weiss.
18:26 of 1st period - Deflect By Patric Hornqvist.
18:26 of 1st period - Stopped by Marc-André Fleury without a rebound.
18:27 of 1st period - Matt Pettinger wins face-off versus Stephen Weiss in Maple Leafs zone.
18:50 of 1st period - Wrist shot by Colby Armstrong.
18:50 of 1st period - Shot Blocked by Stephen Weiss.
18:52 of 1st period - Slapshot by Braydon Coburn.
18:52 of 1st period - Shot Blocked by Mike Komisarek.
18:54 of 1st period - Snap shot by Matt Pettinger.
18:54 of 1st period - Shot Misses the Net.
19:10 of 1st period - Wrist shot by Patric Hornqvist.
19:10 of 1st period - Shot Blocked by Jordan Staal.
Goals for this period are 0 for Devils vs 1 for Maple Leafs.
Shots for this period are 14 for Devils vs 12 for Maple Leafs.

2nd period


0:01 of 2nd period - Vincent Lecavalier wins face-off versus Evgeni Malkin in neutral zone.
0:48 of 2nd period - Lubomir Visnovsky is hit by Dustin Boyd and loses puck.
1:51 of 2nd period - Jay Bouwmeester is hit by Evgeni Malkin and loses puck.
2:16 of 2nd period - Wrist shot by Greg Stewart.
2:16 of 2nd period - Stopped by Marc-André Fleury without a rebound.
2:17 of 2nd period - Vincent Lecavalier wins face-off versus Brendan Morrison in Maple Leafs zone.
2:30 of 2nd period - Mike Lundin is hit by Byron Bitz and loses puck.
3:26 of 2nd period - Wrist shot by Vincent Lecavalier.
3:26 of 2nd period - Shot Misses the Net.
3:28 of 2nd period - Snap shot by Zach Parise.
3:28 of 2nd period - Shot Blocked by Claude Giroux.
3:52 of 2nd period - Snap shot by Colby Armstrong.
3:52 of 2nd period - Stopped by Viktor Fasth with a rebound.
4:09 of 2nd period - Snap shot by Brendan Morrison.
4:09 of 2nd period - Shot Blocked by Ladislav Nagy.
4:26 of 2nd period - Wrist shot by Zach Parise.
4:26 of 2nd period - Stopped by Marc-André Fleury without a rebound.
4:27 of 2nd period - Vincent Lecavalier wins face-off versus Evgeni Malkin in Maple Leafs zone.
4:33 of 2nd period - Minor Penalty to Evgeni Malkin for Charging.
4:34 of 2nd period - Stephen Weiss wins face-off versus Claude Giroux in Maple Leafs zone.
4:36 of 2nd period - Snap shot by Maxim Afinogenov.
4:36 of 2nd period - Shot Misses the Net.
4:42 of 2nd period - Snap shot by Maxim Afinogenov.
4:42 of 2nd period - Shot Misses the Net.
4:44 of 2nd period - Snap shot by Zach Parise.
4:44 of 2nd period - Shot Blocked by Dion Phaneuf.
4:50 of 2nd period - Snap shot by Zach Parise.
4:50 of 2nd period - Goal by Zach Parise - Devils : 1 - Maple Leafs : 1.
4:51 of 2nd period - Evgeni Malkin wins face-off versus Vincent Lecavalier in neutral zone.
4:58 of 2nd period - Slapshot by Evgeni Malkin.
4:58 of 2nd period - Stopped by Viktor Fasth without a rebound.
4:59 of 2nd period - Evgeni Malkin wins face-off versus Vincent Lecavalier in Devils zone.
5:02 of 2nd period - Wrist shot by Evgeni Malkin.
5:02 of 2nd period - Shot Blocked by Ben Lovejoy.
5:41 of 2nd period - Slapshot by Zach Parise.
5:41 of 2nd period - Stopped by Marc-André Fleury with a rebound.
5:47 of 2nd period - Snap shot by Vincent Lecavalier.
5:47 of 2nd period - Shot Misses the Net.
5:49 of 2nd period - Slapshot by Zach Parise.
5:49 of 2nd period - Stopped by Marc-André Fleury without a rebound.
5:50 of 2nd period - Stephen Weiss wins face-off versus Byron Bitz in Maple Leafs zone.
5:54 of 2nd period - Minor Penalty to Alexander Frolov for Tripping.
5:55 of 2nd period - Stephen Weiss wins face-off versus Claude Giroux in Maple Leafs zone.
5:55 of 2nd period - Snap shot by Zach Parise.
5:55 of 2nd period - Stopped by Marc-André Fleury without a rebound.
5:56 of 2nd period - Stephen Weiss wins face-off versus Claude Giroux in Maple Leafs zone.
7:50 of 2nd period - Fabian Brunnstrom is hit by Greg Stewart.
7:54 of 2nd period - Penalty to Alexander Frolov is over, Alexander Frolov is back on ice.
8:00 of 2nd period - Rob Schremp is hit by Ladislav Nagy.
8:06 of 2nd period - Mike Komisarek is hit by Mathieu Carle and loses puck.
8:26 of 2nd period - Mike Komisarek is hit by Matt Pettinger and loses puck.
8:41 of 2nd period - Alexander Frolov is hit by Jay Bouwmeester and loses puck.
9:37 of 2nd period - Snap shot by Ladislav Nagy.
9:37 of 2nd period - Deflect By Patrick Eaves.
9:37 of 2nd period - Stopped by Marc-André Fleury without a rebound.
9:38 of 2nd period - Vincent Lecavalier wins face-off versus Jordan Staal in Maple Leafs zone.
10:03 of 2nd period - Andy Greene is hit by Fabian Brunnstrom and loses puck.
10:28 of 2nd period - Snap shot by Dustin Boyd.
10:28 of 2nd period - Shot Misses the Net.
10:30 of 2nd period - Wrist shot by Dustin Boyd.
10:30 of 2nd period - Shot Misses the Net.
10:46 of 2nd period - Wrist shot by Justin Abdelkader.
10:46 of 2nd period - Stopped by Viktor Fasth without a rebound.
10:47 of 2nd period - Vincent Lecavalier wins face-off versus Rob Schremp in Devils zone.
10:54 of 2nd period - Maxim Afinogenov is hit by Justin Abdelkader and loses puck.
11:08 of 2nd period - Off-side.
11:09 of 2nd period - Evgeni Malkin wins face-off versus Stephen Weiss in neutral zone.
11:16 of 2nd period - Snap shot by Stephen Weiss.
11:16 of 2nd period - Stopped by Marc-André Fleury with a rebound.
11:18 of 2nd period - Snap shot by Patric Hornqvist.
11:18 of 2nd period - Shot Misses the Net.
11:20 of 2nd period - Wrist shot by Patric Hornqvist.
11:20 of 2nd period - Stopped by Marc-André Fleury without a rebound.
11:21 of 2nd period - Evgeni Malkin wins face-off versus Vincent Lecavalier in Maple Leafs zone.
11:56 of 2nd period - Wrist shot by Guillaume Latendresse.
11:56 of 2nd period - Shot Misses the Net.
11:58 of 2nd period - Slapshot by Jay Bouwmeester.
11:58 of 2nd period - Shot Misses the Net.
12:00 of 2nd period - Slapshot by Mike Komisarek.
12:00 of 2nd period - Deflect By Stephen Weiss.
12:00 of 2nd period - Shot Blocked by Dion Phaneuf.
12:00 of 2nd period - Puck is out of play.
12:01 of 2nd period - Dustin Boyd wins face-off versus Evgeni Malkin in Maple Leafs zone.
12:07 of 2nd period - Slapshot by Ladislav Nagy.
12:07 of 2nd period - Stopped by Marc-André Fleury with a rebound.
12:09 of 2nd period - Snap shot by Patrick Eaves.
12:09 of 2nd period - Shot Misses the Net.
12:11 of 2nd period - Slapshot by Brad Ference.
12:11 of 2nd period - Shot Misses the Net.
13:42 of 2nd period - Snap shot by Ladislav Nagy.
13:42 of 2nd period - Shot Misses the Net.
14:16 of 2nd period - Jordan Staal is hit by Guillaume Latendresse.
14:20 of 2nd period - Stephen Weiss is hit by Colby Armstrong and loses puck.
14:36 of 2nd period - Antti Miettinen is hit by Taylor Chorney and loses puck.
15:05 of 2nd period - Wrist shot by Greg Stewart.
15:05 of 2nd period - Shot Blocked by Dion Phaneuf.
15:07 of 2nd period - Wrist shot by Antti Miettinen.
15:07 of 2nd period - Stopped by Marc-André Fleury without a rebound.
15:08 of 2nd period - Vincent Lecavalier wins face-off versus Brendan Morrison in Maple Leafs zone.
15:39 of 2nd period - Off-side.
15:40 of 2nd period - Stephen Weiss wins face-off versus Jordan Staal in neutral zone.
16:31 of 2nd period - Mike Komisarek is hit by Claude Giroux and loses puck.
16:52 of 2nd period - Slapshot by Jay Bouwmeester.
16:52 of 2nd period - Shot Blocked by Brendan Morrison.
18:03 of 2nd period - Slapshot by Guillaume Latendresse.
18:03 of 2nd period - Stopped by Marc-André Fleury without a rebound.
18:04 of 2nd period - Stephen Weiss wins face-off versus Rob Schremp in Maple Leafs zone.
18:59 of 2nd period - Off-side.
19:00 of 2nd period - Vincent Lecavalier wins face-off versus Byron Bitz in neutral zone.
19:11 of 2nd period - Snap shot by Vincent Lecavalier.
19:11 of 2nd period - Shot Misses the Net.
19:13 of 2nd period - Slapshot by Brad Ference.
19:13 of 2nd period - Stopped by Marc-André Fleury without a rebound.
19:14 of 2nd period - Vincent Lecavalier wins face-off versus Evgeni Malkin in Maple Leafs zone.
19:21 of 2nd period - Snap shot by Evgeni Malkin.
19:21 of 2nd period - Stopped by Viktor Fasth with a rebound.
19:29 of 2nd period - Wrist shot by Claude Giroux.
19:29 of 2nd period - Shot Hit the Post.
19:31 of 2nd period - Backhand shot by Dion Phaneuf.
19:31 of 2nd period - Deflect By Fabian Brunnstrom.
19:31 of 2nd period - Goal by Fabian Brunnstrom - Devils : 1 - Maple Leafs : 2.
19:32 of 2nd period - Vincent Lecavalier wins face-off versus Claude Giroux in neutral zone.
19:37 of 2nd period - Snap shot by Vincent Lecavalier.
19:37 of 2nd period - Shot Misses the Net.
19:57 of 2nd period - Brad Ference is hit by Byron Bitz and loses puck.
Goals for this period are 1 for Devils vs 1 for Maple Leafs.
Shots for this period are 13 for Devils vs 5 for Maple Leafs.

3rd period


0:01 of 3rd period - Vincent Lecavalier wins face-off versus Evgeni Malkin in neutral zone.
0:33 of 3rd period - Icing by Braydon Coburn.
0:34 of 3rd period - Stephen Weiss wins face-off versus Brendan Morrison in Maple Leafs zone.
0:54 of 3rd period - Slapshot by Alexander Frolov.
0:54 of 3rd period - Shot Misses the Net.
1:08 of 3rd period - Snap shot by Vincent Lecavalier.
1:08 of 3rd period - Shot Blocked by Byron Bitz.
1:22 of 3rd period - Patrick Eaves is hit by Fabian Brunnstrom and loses puck.
2:12 of 3rd period - Slapshot by Dion Phaneuf.
2:12 of 3rd period - Shot Misses the Net.
2:14 of 3rd period - Snap shot by Dion Phaneuf.
2:14 of 3rd period - Stopped by Viktor Fasth without a rebound.
2:15 of 3rd period - Vincent Lecavalier wins face-off versus Evgeni Malkin in Devils zone.
2:46 of 3rd period - Wrist shot by Claude Giroux.
2:46 of 3rd period - Deflect By Brendan Morrison.
2:46 of 3rd period - Goal by Brendan Morrison - Devils : 1 - Maple Leafs : 3.
2:47 of 3rd period - Evgeni Malkin wins face-off versus Vincent Lecavalier in neutral zone.
3:13 of 3rd period - Brendan Morrison is hit by Stephen Weiss and loses puck.
3:22 of 3rd period - Slapshot by Stephen Weiss.
3:22 of 3rd period - Stopped by Marc-André Fleury with a rebound.
3:24 of 3rd period - Slapshot by Brad Ference.
3:24 of 3rd period - Shot Misses the Net.
3:34 of 3rd period - Backhand shot by Byron Bitz.
3:34 of 3rd period - Stopped by Viktor Fasth with a rebound.
3:36 of 3rd period - Slapshot by Colby Armstrong.
3:36 of 3rd period - Shot Misses the Net.
4:12 of 3rd period - Fabian Brunnstrom is hit by Jay Bouwmeester and loses puck.
4:25 of 3rd period - Andy Greene is hit by Taylor Chorney and loses puck.
5:00 of 3rd period - Brendan Morrison is hit by Stephen Weiss and loses puck.
5:13 of 3rd period - Snap shot by Dion Phaneuf.
5:13 of 3rd period - Deflect By Patrick Eaves.
5:13 of 3rd period - Stopped by Viktor Fasth without a rebound.
5:14 of 3rd period - Dustin Boyd wins face-off versus Jordan Staal in Devils zone.
5:29 of 3rd period - Snap shot by Ladislav Nagy.
5:29 of 3rd period - Stopped by Marc-André Fleury without a rebound.
5:30 of 3rd period - Vincent Lecavalier wins face-off versus Evgeni Malkin in Maple Leafs zone.
6:20 of 3rd period - Matt Pettinger is hit by Mike Lundin and loses puck.
6:56 of 3rd period - Lubomir Visnovsky is hit by Jay Bouwmeester and loses puck.
7:24 of 3rd period - Taylor Chorney is hit by Brad Ference and loses puck.
7:31 of 3rd period - Andy Greene is hit by Lubomir Visnovsky and loses puck.
7:46 of 3rd period - Snap shot by Justin Abdelkader.
7:46 of 3rd period - Stopped by Viktor Fasth without a rebound.
7:47 of 3rd period - Evgeni Malkin wins face-off versus Stephen Weiss in Devils zone.
7:48 of 3rd period - Wrist shot by Claude Giroux.
7:48 of 3rd period - Shot Blocked by Mike Komisarek.
7:50 of 3rd period - Slapshot by Claude Giroux.
7:50 of 3rd period - Deflect By Fabian Brunnstrom.
7:50 of 3rd period - Stopped by Viktor Fasth without a rebound.
7:51 of 3rd period - Stephen Weiss wins face-off versus Evgeni Malkin in Devils zone.
8:38 of 3rd period - Snap shot by Matt Pettinger.
8:38 of 3rd period - Deflect By Jordan Staal.
8:38 of 3rd period - Stopped by Viktor Fasth without a rebound.
8:39 of 3rd period - Jordan Staal wins face-off versus Stephen Weiss in Devils zone.
8:40 of 3rd period - Snap shot by Colby Armstrong.
8:40 of 3rd period - Shot Misses the Net.
8:42 of 3rd period - Snap shot by Mathieu Carle.
8:42 of 3rd period - Stopped by Viktor Fasth without a rebound.
8:43 of 3rd period - Stephen Weiss wins face-off versus Jordan Staal in Devils zone.
8:43 of 3rd period - Stephen Weiss is hit by Colby Armstrong.
9:16 of 3rd period - Icing by Vincent Lecavalier.
9:17 of 3rd period - Evgeni Malkin wins face-off versus Vincent Lecavalier in Devils zone.
10:09 of 3rd period - Wrist shot by Justin Abdelkader.
10:09 of 3rd period - Stopped by Viktor Fasth with a rebound.
10:11 of 3rd period - Snap shot by Justin Abdelkader.
10:11 of 3rd period - Shot Misses the Net.
10:13 of 3rd period - Slapshot by Blake Comeau.
10:13 of 3rd period - Stopped by Viktor Fasth without a rebound.
10:14 of 3rd period - Evgeni Malkin wins face-off versus Zach Parise in Devils zone.
10:35 of 3rd period - Claude Giroux is hit by Vincent Lecavalier and loses puck.
12:37 of 3rd period - Slapshot by Dion Phaneuf.
12:37 of 3rd period - Shot Blocked by Dustin Boyd.
12:53 of 3rd period - Wrist shot by Dustin Boyd.
12:53 of 3rd period - Stopped by Marc-André Fleury without a rebound.
12:54 of 3rd period - Rob Schremp wins face-off versus Maxim Afinogenov in Maple Leafs zone.
13:01 of 3rd period - Snap shot by Taylor Chorney.
13:01 of 3rd period - Deflect By Justin Abdelkader.
13:01 of 3rd period - Shot Misses the Net.
13:01 of 3rd period - Puck is out of play.
13:02 of 3rd period - Vincent Lecavalier wins face-off versus Evgeni Malkin in Devils zone.
13:17 of 3rd period - Snap shot by Vincent Lecavalier.
13:17 of 3rd period - Stopped by Marc-André Fleury with a rebound.
13:25 of 3rd period - Snap shot by Byron Bitz.
13:25 of 3rd period - Stopped by Viktor Fasth with a rebound.
14:17 of 3rd period - Wrist shot by Byron Bitz.
14:17 of 3rd period - Shot Blocked by Mike Komisarek.
14:19 of 3rd period - Wrist shot by Alexander Frolov.
14:19 of 3rd period - Stopped by Viktor Fasth without a rebound.
14:20 of 3rd period - Stephen Weiss wins face-off versus Evgeni Malkin in Devils zone.
14:25 of 3rd period - Snap shot by Patric Hornqvist.
14:25 of 3rd period - Deflect By Evgeni Malkin.
14:25 of 3rd period - Shot Blocked by Jamie McBain.
14:25 of 3rd period - Puck is out of play.
14:26 of 3rd period - Stephen Weiss wins face-off versus Evgeni Malkin in Maple Leafs zone.
14:33 of 3rd period - Wrist shot by Guillaume Latendresse.
14:33 of 3rd period - Stopped by Marc-André Fleury with a rebound.
14:39 of 3rd period - Patric Hornqvist is hit by Evgeni Malkin and loses puck.
14:52 of 3rd period - Snap shot by Justin Abdelkader.
14:52 of 3rd period - Shot Blocked by Stephen Weiss.
14:58 of 3rd period - Rob Schremp is hit by Patric Hornqvist and loses puck.
15:03 of 3rd period - Wrist shot by Guillaume Latendresse.
15:03 of 3rd period - Stopped by Marc-André Fleury without a rebound.
15:04 of 3rd period - Evgeni Malkin wins face-off versus Dustin Boyd in Maple Leafs zone.
15:04 of 3rd period - Evgeni Malkin is hit by Ladislav Nagy.
15:20 of 3rd period - Evgeni Malkin is hit by Patrick Eaves and loses puck.
15:41 of 3rd period - Jason Arnott is hit by Byron Bitz and loses puck.
16:06 of 3rd period - Snap shot by Matt Pettinger.
16:06 of 3rd period - Shot Misses the Net.
16:18 of 3rd period - Slapshot by Taylor Chorney.
16:18 of 3rd period - Shot Misses the Net.
16:20 of 3rd period - Slapshot by Rob Schremp.
16:20 of 3rd period - Stopped by Viktor Fasth without a rebound.
16:21 of 3rd period - Stephen Weiss wins face-off versus Rob Schremp in Devils zone.
16:21 of 3rd period - Stephen Weiss is hit by Jamie McBain.
16:28 of 3rd period - Snap shot by Justin Abdelkader.
16:28 of 3rd period - Stopped by Viktor Fasth without a rebound.
16:29 of 3rd period - Dustin Boyd wins face-off versus Evgeni Malkin in Devils zone.
16:56 of 3rd period - Byron Bitz is hit by Maxim Afinogenov and loses puck.
17:15 of 3rd period - Jordan Staal is hit by Patric Hornqvist and loses puck.
17:24 of 3rd period - Patric Hornqvist is hit by Matt Pettinger and loses puck.
17:35 of 3rd period - Wrist shot by Brendan Morrison.
17:35 of 3rd period - Goal by Brendan Morrison - Devils : 1 - Maple Leafs : 4.
17:36 of 3rd period - Vincent Lecavalier wins face-off versus Evgeni Malkin in neutral zone.
17:52 of 3rd period - Wrist shot by Vincent Lecavalier.
17:52 of 3rd period - Stopped by Marc-André Fleury without a rebound.
17:53 of 3rd period - Brendan Morrison wins face-off versus Stephen Weiss in Maple Leafs zone.
18:04 of 3rd period - Snap shot by Byron Bitz.
18:04 of 3rd period - Stopped by Viktor Fasth with a rebound.
18:20 of 3rd period - Zach Parise is hit by Fabian Brunnstrom and loses puck.
18:29 of 3rd period - Wrist shot by Evgeni Malkin.
18:29 of 3rd period - Stopped by Viktor Fasth with a rebound.
18:56 of 3rd period - Antti Miettinen is hit by Colby Armstrong and loses puck.
19:47 of 3rd period - Fabian Brunnstrom is hit by Mike Komisarek.
Goals for this period are 0 for Devils vs 2 for Maple Leafs.
Shots for this period are 7 for Devils vs 17 for Maple Leafs.


Output by the SimonT Hockey Simulator (STHS) for Pascal Landry -- Original Page W3C XHTML 1.0 Valid
Hockey Simulator - Hockey Simulation - Hockey Manager